 Dungeon Crawl Stone Soup version 0.25.0-9-g26727b657a (webtiles) character file.

Game seed: 5723719875066921655

37 mopl the Chopper (level 3, 0/27 HPs)
             Began as a Demonspawn Warper on June 20, 2020.
             Slain by a goblin
             ... wielding a +0 dagger of electrocution
              (17 damage)
             ... on level 2 of the Dungeon.
             The game lasted 00:01:12 (782 turns).

mopl the Chopper (Demonspawn Warper)                 Turns: 782, Time: 00:01:12

Health: 0/27       AC:  3    Str: 12    XL:     3   Next: 23%
Magic:  6/6        EV: 11    Int: 14    God:
Gold:   51         SH:  0    Dex: 12    Spells: 6/6 levels left

rFire    . . .     SeeInvis .   a - +0 hand axe
rCold    . . .     Gourm    .   (no shield)
rNeg     . . .     Faith    .   b - +0 leather armour
rPois    .         Spirit   .   (helmet restricted)
rElec    .         Reflect  .   (no cloak)
rCorr    .         Harm     .   (no gloves)
MR       .....                  (no boots)
Stlth    +.........             (no amulet)
HPRegen  0.09/turn              (no ring)
MPRegen  0.10/turn              (no ring)

@: no status effects
A: antennae 2
a: no special abilities


You were on level 2 of the Dungeon.
You were not hungry.

You visited 1 branch of the dungeon, and saw 2 of its levels.

You collected 51 gold pieces.

Inventory:

Hand Weapons
 a - a +0 hand axe (weapon)
Missiles
 e - 5 boomerangs of dispersal (quivered)
Armour
 b - a +0 leather armour (worn)
Scrolls
 d - a scroll of blinking
 g - 2 scrolls of enchant armour {unknown}
 h - a scroll of magic mapping {unknown}
 i - a scroll of identify {unknown}
 j - a scroll of teleportation {unknown}
 k - a scroll of remove curse
 m - a scroll of noise {unknown}
Potions
 l - a potion of lignification {unknown}
Comestibles
 c - 7 chunks of flesh
 f - a ration


   Skills:
 - Level 2.0 Fighting
 + Level 3.4 Axes
 - Level 0.8 Throwing
 - Level 0.8 Armour
 - Level 1.7 Dodging
 - Level 2.0 Spellcasting
   Level 2.6 Translocations


You had 6 spell levels left.
You didn't know any spells.
Your spell library contained the following spells:

 Spells                   Type           Power        Failure   Level  Hunger
 Blink                    Tloc           N/A          16%         2    ###....
 Shroud of Golubria       Chrm/Tloc      #.....       26%         2    ###....
 Gell's Gravitas          Tloc           #.........   30%         3    ####...
 Lesser Beckoning         Tloc           #.........   30%         3    ####...
 Teleport Other           Tloc           #.......     30%         3    ####...
 Passage of Golubria      Tloc           N/A          69%         4    #####..


Dungeon Overview and Level Annotations

Branches:
Dungeon (2/15)

Altars:
Ashenzari


Innate Abilities, Weirdness & Mutations

You have a pair of antennae on your head.


Message History

The goblin shouts!
The orc shouts!
You hear a shout!
The goblin moves out of view.
You hear a shout!
Some of the chunks of flesh in your inventory have rotted away.
You hear a shout!
The orc hits you with a +0 club.
You hit the orc but do no damage.
An orc priest comes into view.
The orc hits you with a +0 club.
You hit the orc.
The orc is severely wounded.
You hit the orc.
You kill the orc!
The orc priest mumbles some strange prayers to Beogh against you.
Pain shoots through your body!
You barely miss the goblin.
The goblin hits you with a +0 dagger of electrocution.
You are electrocuted!
Ouch! That really hurt!
You die...

#. #. ##### #
#..#...#.# .
#.[#.#.#.#
..#.....)o.+
.......g@#.#
.#........# .#
...##...###...#
# #.#........
#.#.######.
#.#.....<#
#.#..#.#.#
#.#..รทรท#.#
#.#......#


You could see an orc priest and a goblin.

Vanquished Creatures
  An ooze (D:1)
  A dart slug (D:1)
  2 leopard geckos (D:1)
  An orc (D:2)
  5 bats (D:1)
  A giant cockroach (D:1)
  2 goblins
  4 hobgoblins
  5 kobolds (D:1)
  2 frilled lizards (D:1)
  4 rats (D:1)
28 creatures vanquished.

Vanquished Creatures (others)
  5 toadstools (D:1)
5 creatures vanquished.

Grand Total: 33 creatures vanquished

Notes
Turn   | Place    | Note
-------+----------+-------------------------------------------
     0 | D:1      | mopl the Demonspawn Warper began the quest for the Orb.
     0 | D:1      | Reached XP level 1. HP: 16/16 MP: 3/3
    26 | D:1      | Reached skill level 2 in Axes
    42 | D:1      | Found a shattered altar of Ashenzari.
   117 | D:1      | Became a worshipper of Ashenzari the Shackled
   118 | D:1      | Fell from the grace of Ashenzari
   181 | D:1      | Gained mutation: You have a pair of small antennae on your
                  | head. [demonic ancestry]
   181 | D:1      | Reached XP level 2. HP: 7/22 MP: 5/5
   471 | D:1      | Reached skill level 3 in Axes
   561 | D:1      | Gained mutation: You have a pair of antennae on your head.
                  | [demonic ancestry]
   561 | D:1      | Reached XP level 3. HP: 27/27 MP: 6/6
   626 | D:1      | Was forgiven by Ashenzari
   782 | D:2      | Slain by a goblin

Illustrated notes

Levels and vault maps discovered:
D:1:      ldierk_walled_garden, layout_rooms, evilmike_ruin_ashenzari
D:2:      layout_basic, minmay_pentomino_t2, uniq_robin

Skill      XL: |  1  2 |
---------------+-------+-----
Axes           | 2 3 |  3.4
Fighting       | |  2.0
Throwing       | |  0.8
Armour         | |  0.8
Dodging        | |  1.7
Spellcasting   | |  2.0
Translocations | |  2.6

Action                   || total
-------------------------++-------
Melee: Hand axe          ||   105
Invok: Renounce Religion ||     1
Armor: Leather armour    ||    32
Dodge: Dodged            ||    85
